AoeStats
← So sad

Pilgrims

508277785Analyzed
3v3 RM · 9d ago on Sep 21, 2026· 30m 3s· 6 players
Game mode
Random Map
Map size
Normal (6 player)
Population
200
Speed
Normal
Resources
Standard
Victory
Conquest
Starting age
Dark Age
Ending age
Imperial Age
RankedLock teamsTeams togetherTeam positionsShared explorationLock speedFull tech treeHidden civsTurbo modeCheats
Victory
Defeat
🇦🇷 Slavs · Argentina
1556
+9
🇩🇪 Portuguese · Germany
1534
+10
🇲🇽 Koreans · Mexico
1417
+15
🇺🇦 Khmer · Ukraine
1406
-12
🇧🇾 Armenians · Belarus
1396
-11
🇧🇾 Italians · Belarus
1388
-11
CrashTag
7:04 Loom
7:22 Loom
11:10 Feudal Age
12:56 Double-Bit Axe
14:41 Fletching
15:42 Man-at-Arms
19:23 Wheelbarrow
22:06 Castle Age
20:53 Horse Collar
23:28 Pikeman
24:09 Squires
23:54 Arson
banzigerrastard
3:28 Loom
10:58 Feudal Age
14:50 Castle Age
14:19 Town Watch
14:23 Double-Bit Axe
14:54 Fishing Lines
16:30 Fletching
20:05 Wheelbarrow
28:31 Hand Cart
Dificult
9:16 Loom
11:25 Feudal Age
12:38 Man-at-Arms
15:32 Castle Age
13:45 Forging
14:08 Gold Mining
14:42 Scale Mail Armor
15:35 Double-Bit Axe
15:40 Long Swordsman
16:34 Squires
19:20 Iron Casting
19:35 Chain Mail Armor
22:52 Pikeman
25:17 Fishing Lines
29:58 Horse Collar
So sad
4:00 Loom
11:10 Feudal Age
11:40 Town Watch
11:46 Double-Bit Axe
11:45 Fishing Lines
12:05 Town Watch
19:16 Castle Age
NiL
9:45 Feudal Age
12:54 Castle Age
12:03 Gold Mining
12:01 Loom
12:23 Scale Barding Armor
12:29 Forging
12:44 Double-Bit Axe
14:39 Chain Barding Armor
15:21 Bloodlines
15:11 Husbandry
20:50 Iron Casting
27:16 Fletching
HURMA
5:42 Loom
13:15 Feudal Age
13:24 Man-at-Arms
14:00 Arson
15:01 Scale Mail Armor
14:52 Long Swordsman
15:57 Fishing Lines
17:45 Double-Bit Axe
22:36 Castle Age
20:28 Horse Collar
22:27 Stone Mining
22:28 Gold Mining
22:37 Town Watch
23:06 Gillnets
23:27 Medium Warships
23:07 Gillnets
23:27 Medium Warships
24:06 Fletching
25:56 Chain Mail Armor
25:04 Two-Handed Swordsman
26:04 Bow Saw
26:30 Gold Shaft Mining
28:52 Bodkin Arrow
29:08 Forging
Connection lost

Rejoining the realm…

Still unreachable

The connection could not be restored.

Session expired

The server has moved on; the page needs a fresh start.